AoeStats
← FR HectorDevis

Lombardia

510163630Analyzed
4v4 RM · 2d ago on Sep 29, 2026· 18m 40s· 8 players
Game mode
Random Map
Map size
Large (8 player)
Population
200
Speed
Normal
Resources
Standard
Victory
Conquest
Starting age
Dark Age
Ending age
Imperial Age
RankedLock teamsTeams togetherTeam positionsShared explorationLock speedFull tech treeHidden civsTurbo modeCheats
Victory
Defeat
🇫🇷 Persians · France
1003
+11
🇵🇱 Mapuche · Poland
944
+13
🇫🇷 Magyars · France
939
+13
🇵🇪 Portuguese · Peru
930
+30
🇬🇧 Franks · United Kingdom
997
-17
🇧🇷 Franks · Brazil
881
-32
🇧🇷 Celts · Brazil
836
-11
🇧🇷 Teutons · Brazil
818
-10
Marcos
9:59 Feudal Age
18:03 Castle Age
FR HectorDevis
6:47 Loom
9:21 Feudal Age
9:46 Double-Bit Axe
9:43 Horse Collar
14:31 Forging
15:09 Bloodlines
21:18 Castle Age
PiotrekEs
7:17 Loom
10:50 Feudal Age
12:46 Double-Bit Axe
16:18 Castle Age
17:11 Bow Saw
17:55 Fletching
18:21 Horse Collar
Sinhada
6:45 Loom
9:28 Feudal Age
11:16 Double-Bit Axe
12:31 Horse Collar
17:50 Stone Mining
17:53 Gold Mining
18:54 Stone Mining
snp
12:06 Feudal Age
15:28 Double-Bit Axe
supameN
12:53 Feudal Age
18:15 Castle Age
16:25 Double-Bit Axe
16:33 Horse Collar
18:48 Wheelbarrow
Drewpert93
7:56 Loom
11:16 Feudal Age
12:50 Double-Bit Axe
Mikro
12:15 Feudal Age
16:26 Castle Age
14:19 Double-Bit Axe
14:17 Horse Collar
14:30 Gold Mining
19:02 Bow Saw
Connection lost

Rejoining the realm…

Still unreachable

The connection could not be restored.

Session expired

The server has moved on; the page needs a fresh start.